 Dungeon Crawl Stone Soup version 0.24.1-14-gf8d2b509d9 (webtiles) character file.

Game seed: 13795925075710825616, levelgen mode: deterministic

610 mortelune the Changer (level 7, -4/46 HPs)
             Began as an Octopode Transmuter on May 17, 2020.
             Slain by an ogre
             ... wielding a cursed -1 giant spiked club
              (22 damage)
             ... on level 5 of the Dungeon.
             The game lasted 00:07:38 (5309 turns).

mortelune the Changer (Octopode Transmuter)         Turns: 5309, Time: 00:07:39

Health: -4/46      AC:  2    Str:  9    XL:     7   Next: 43%
Magic:  7/12       EV: 25    Int: 18    God:
Gold:   154        SH:  0    Dex: 17    Spells: 3/13 levels left

rFire    . . .     SeeInvis .     - Unarmed
rCold    . . .     Gourm    .   (shield currently unavailable)
rNeg     . . .     Faith    .   (helmet currently unavailable)
rPois    x         Spirit   .   (no amulet)
rElec    .         Reflect  .   d - +4 ring of evasion
rCorr    .         Harm     .   (no ring)
MR       .....                  (no ring)
Stlth    ++........             (no ring)
HPRegen  0.15/turn              (no ring)
MPRegen  0.13/turn              (no ring)
                                (no ring)
                                (no ring)

@: spider-form
A: tiny, almost no armour, stealthy swim, (amphibious), 8 rings, (constrict 8)
a: End Transformation


You were on level 5 of the Dungeon.
You were not hungry.
You were a venomous arachnid creature.
You visited 1 branch of the dungeon, and saw 5 of its levels.

You collected 154 gold pieces.

Inventory:

Missiles
 o - 7 silver boomerangs
 p - 2 boomerangs (quivered)
 Q - 5 arrows
Jewellery
 d - a +4 ring of evasion (left front leg)
 l - an uncursed amulet of faith
Wands
 r - a wand of acid (6)
Scrolls
 a - 9 scrolls of identify {unknown}
 b - a scroll of enchant weapon {unknown}
 e - 2 scrolls of amnesia {unknown}
 f - 2 scrolls of immolation {unknown}
 g - 3 scrolls of enchant armour {unknown}
 h - 2 scrolls of teleportation {unknown}
 i - 4 scrolls of remove curse {unknown}
 n - a scroll of fog {unknown}
Potions
 j - 2 potions of haste {unknown}
 k - 2 potions of curing {unknown}
 m - a potion of cancellation {unknown}
Comestibles
 c - 5 rations
 q - a chunk of flesh


   Skills:
 + Level 3.6 Fighting
 + Level 3.2 Dodging
 + Level 3.9 Unarmed Combat
 - Level 3.7 Spellcasting
 - Level 4.0 Transmutations
 + Level 2.4 Ice Magic


You had 3 spell levels left.
You knew the following spells:

 Your Spells              Type           Power        Failure   Level  Hunger
a - Beastly Appendage     Tmut           ###...       10%         1    None
b - Sticks to Snakes      Tmut           ###.....     13%         2    ##.....
c - Spider Form           Tmut/Pois      ##........   41%         3    ###....
d - Ice Form              Ice/Tmut       ###.....     58%         4    ####...

Your spell library contained the following spells:

 Spells                   Type           Power        Failure   Level  Hunger
 Ensorcelled Hibernation  Hex/Ice        #.....       32%         2    ##.....
 Corona                   Hex            #......      34%         1    None
 Confuse                  Hex            #.......     63%         3    ###....
 Dazzling Spray           Conj/Hex       #.....       63%         3    ###....
 Tukima's Dance           Hex            #.......     63%         3    ###....
 Blade Hands              Tmut           ###.......   80%         5    ######.


Dungeon Overview and Level Annotations

Branches:
Dungeon (5/15)
 Temple: D:4-7

Altars:
Dithmenos
Fedhas
Hepliaklqana

Annotations:
D:3 Blork the orc


Innate Abilities, Weirdness & Mutations

You cannot wear most types of armour.
You are very stealthy in the water. (Stealth+)
((You are amphibious.))
You can wear up to eight rings at the same time.
((You can use your tentacles to constrict eight enemies at once.))
((Your skin changes colour to match your surroundings (Stealth+).))
((Your rubbery body absorbs attacks. (AC +1, EV +1)))


Message History

You create a snake!
You now have 5 arrows.
Casting: Sticks to Snakes (safe; 4% risk of failure)
Confirm with . or Enter, or press ? or * to list all spells.
You turn into a venomous arachnid creature.
The ogre barely misses your ball python.
Your ball python completely misses the ogre.
Your ball python bites the ogre.
The ogre barely misses your ball python.
Your ball python bites the ogre.
The ogre hits you with a cursed -1 giant spiked club!!
Ouch! That really hurt!
You see here 19 gold pieces.
You bite the ogre!
The ogre is moderately wounded.
Your ball python barely misses the ogre.
You hit the ogre.
The ogre is poisoned.
The ogre is heavily wounded.
Your ball python barely misses the ogre.
The ogre hits you with a cursed -1 giant spiked club!!
You die...

.## ..##
...# #..##
#...#
#...##
#....###..
##S<......#
#Os.###...#
#..### #
....# #...#
#..# #.. #.
#


You could see an ogre and a friendly ball python.

Vanquished Creatures
  An ice beast (D:4)
  2 ogres (D:4)
  A crimson imp (D:4)
  An orc priest (D:3)
  An orc wizard (D:4)
  Jessica (D:2)
  Natasha (thrice) (D:2)
  4 gnolls
  3 adders (D:2)
  A shadow imp (D:5)
  3 oozes
  A dart slug (D:1)
  3 leopard geckos
  14 orcs
  14 bats
  3 giant cockroaches (D:1)
  14 goblins
  6 hobgoblins
  4 jackals
  9 kobolds
  2 quokkas
  3 frilled lizards
  A leopard gecko skeleton (D:4)
  14 rats
109 creatures vanquished.

Notes
Turn   | Place    | Note
-------+----------+-------------------------------------------
     0 | D:1      | mortelune the Octopode Transmuter began the quest for the
                  | Orb.
     0 | D:1      | Reached XP level 1. HP: 13/13 MP: 3/3
   134 | D:1      | Reached XP level 2. HP: 1/18 MP: 3/5
   507 | D:1      | Learned a level 2 spell: Sticks to Snakes
   968 | D:1      | Reached XP level 3. HP: 23/23 MP: 6/6
   974 | D:1      | Learned a level 3 spell: Spider Form
  1339 | D:2      | Reached skill level 3 in Transmutations
  1532 | D:2      | Noticed Natasha
  1538 | D:2      | Killed Natasha
  1538 | D:2      | Reached XP level 4. HP: 23/29 MP: 4/8
  1796 | D:2      | Noticed Natasha
  1803 | D:2      | Killed Natasha
  1921 | D:2      | Noticed Jessica
  1927 | D:2      | Killed Jessica
  1927 | D:2      | Reached XP level 5. HP: 34/34 MP: 5/10
  1983 | D:2      | Noticed Natasha
  1996 | D:2      | Killed Natasha
  2171 | D:2      | Learned a level 4 spell: Ice Form
  2413 | D:2      | Found a hazy altar of Hepliaklqana.
  2656 | D:3      | Noticed Blork the orc
  2694 | D:3      | Reached skill level 4 in Transmutations
  2712 | D:3      | Reached XP level 6. HP: 7/41 MP: 7/11
  3546 | D:3      | Reached skill level 1 in Ice Magic
  3769 | D:3      | Found a shadowy altar of Dithmenos.
  4380 | D:4      | Found a blossoming altar of Fedhas.
  4390 | D:4      | Noticed an ice beast
  4418 | D:4      | Killed an ice beast
  4418 | D:4      | Reached XP level 7. HP: 28/46 MP: 7/12
  5301 | D:5      | Entered Level 5 of the Dungeon
  5309 | D:5      | Slain by an ogre

Levels and vault maps discovered:
D:1:      minmay_arrival_semitransparent, layout_loops_ring
D:2:      layout_loops_ring, lemuel_round_altar, uniq_jessica, uniq_natasha
D:3:      layout_rooms, lemuel_round_altar, st_stairs_14, tgw_sif
D:4:      layout_loops_ring, first_ration, fedhas_altar_3
D:5:      layout_layer_cave, uniq_prince_ribbit1, uniq_duvessa

Skill      XL: |  1  2  3  4  5  6  7 |
---------------+----------------------+-----
Transmutations | 3 4 |  4.0
Spellcasting   | 3 |  3.7
Fighting       | 2 3 |  3.6
Ice Magic      | 1 2 |  2.4
Dodging        | 3 |  3.2
Unarmed Combat | |  3.9

Action                   |  1- 3 |  4- 6 |  7- 9 || total
-------------------------+-------+-------+-------++-------
Melee: Unarmed           |    69 |   186 |    35 ||   290
       Constrict         |    19 |    26 |     3 ||    48
       Tentacles         |     9 |    12 |     5 ||    26
       Kick              |     2 |     3 |       ||     5
       Punch             |       |     4 |       ||     4
Throw: Boomerang         |       |       |     3 ||     3
 Cast: Beastly Appendage |     3 |     2 |       ||     5
       Spider Form       |     1 |    14 |     4 ||    19
       Sticks to Snakes  |     1 |     1 |     3 ||     5
 Stab: Sleeping          |     9 |     4 |       ||    13
       Distracted        |       |     1 |       ||     1
  Eat: Chunk             |     2 |    10 |     4 ||    16
Armor: Skin              |     3 |     8 |     2 ||    13
Dodge: Dodged            |    64 |   189 |    26 ||   279
